Map: Neon Violet Square LE

Players

SpeCial - Winner!

  • Race: Terran Terran
  • Spawn Location: 5:00

Maru

  • Race: Terran Terran
  • Spawn Location: 11:00

Event: IEM Season 12 - Katowice

VOD

Have the link to the VOD?

Description

Time

  • Played on: March 1, 2018, 7:58 a.m.
  • Length: 14:52

All games in this series

Show
View Real Time Build Order
Export as new Build Order

SpeCial Terran - Winner!

Build Orders: Gas First Reaper Expand, Liberator Opening, Reaper Expand, Mech 

Get SALT Encoding   

  12  0:00  SCV  
  13  0:12  SCV  
  14  0:17  Supply Depot  
  14  0:25  SCV  
  15  0:29  Refinery  
  15  0:39  SCV  
  16  0:45  Barracks  
  16  0:51  SCV  
  17  1:03  SCV  
  18  1:15  SCV  
  19  1:32  Reaper, Orbital Command  
  20  1:56  Command Center  
  20  1:58  SCV  
  21  2:03  Factory  
  21  2:06  Barracks Reactor  
  21  2:10  SCV  
  22  2:18  Supply Depot  
  22  2:22  Refinery  
  22  2:23  SCV  
  23  2:39  SCV  
  24  2:47  Starport  
  24  2:51  SCV  
  24  2:52  Hellion x2  
  29  3:04  SCV  
  30  3:07  Liberator  
  30  3:08  Orbital Command  
  30  3:14  Hellion x2  
  30  3:17  SCV  
  38  3:30  SCV  
  38  3:33  SCV  
  40  3:37  Supply Depot  
  40  3:42  SCV  
  40  3:45  SCV  
  40  3:48  Cyclone  
  45  3:53  Supply Depot  
  45  3:55  SCV  
  46  3:58  Cyclone  
  46  3:59  SCV  
  50  4:07  Supply Depot, SCV  
  50  4:09  Medivac  
  53  4:11  SCV  
  54  4:19  SCV  
  54  4:23  SCV  
  56  4:31  SCV  
  57  4:33  Command Center  
  57  4:36  SCV  
  57  4:39  Cyclone  
  57  4:43  SCV  
  61  4:48  SCV  
  61  4:51  Cyclone  
  65  4:55  SCV  
  65  4:57  Refinery x2  
  66  5:00  SCV  
  66  5:07  SCV  
  66  5:12  SCV  
  66  5:13  Cyclone  
  67  5:20  SCV  
  59  5:26  SCV  
  57  5:31  Barracks Tech Lab  
  57  5:32  SCV  
  56  5:38  SCV  
  52  5:44  SCV  
  53  5:50  Supply Depot, SCV  
  53  5:56  SCV  
  55  5:57  Factory  
  55  5:58  Raven  
  55  6:02  SCV  
  58  6:05  Hellion x2  
  58  6:06  Orbital Command  
  58  6:08  SCV  
  58  6:09  Supply Depot  
  63  6:13  Barracks Tech Lab  
  63  6:15  SCV  
  63  6:16  Factory  
  64  6:20  SCV  
  65  6:27  SCV, Hellion x2  
  65  6:32  SCV  
  71  6:34  SCV  
  71  6:39  SCV  
  73  6:44  SCV  
  73  6:46  SCV  
  75  6:48  Starport Reactor  
  75  6:51  SCV  
  75  6:52  Hellion x2, Siege Tank  
  83  6:56  SCV  
  83  6:58  SCV  
  83  7:03  SCV, Armory  
  83  7:05  Armory  
  84  7:09  SCV  
  84  7:10  SCV, Liberator  
  84  7:14  Hellion x2, Siege Tank  
  84  7:15  SCV  
  94  7:20  Refinery  
  94  7:21  Supply Depot, SCV, Refinery  
  95  7:24  Siege Tank  
  95  7:25  Liberator  
  101  7:31  Supply Depot  
  101  7:42  SCV x3  
  107  7:45  Supply Depot  
  107  7:48  Hellion  
  109  7:52  Terran Vehicle And Ship Armor Level 1, Supply Depot, Siege Tank, Terran Vehicle Weapons Level 1  
  109  7:53  Hellion  
  109  7:54  SCV x3  
  117  8:07  SCV x3, Siege Tank  
  117  8:08  Factory  
  120  8:13  Factory  
  120  8:19  SCV x3  
  121  8:22  Viking  
  121  8:25  Viking  
  124  8:30  Hellion x2  
  124  8:31  SCV x2, Siege Tank  
  133  8:36  Infernal Pre-Igniter  
  133  8:40  Supply Depot x2  
  133  8:46  Supply Depot  
  133  8:47  Supply Depot  
  133  8:53  Factory Reactor  
  133  8:56  Hellion  
  133  9:01  Viking x2  
  137  9:06  Command Center  
  137  9:12  Factory Tech Lab  
  137  9:14  Hellion, Siege Tank  
  137  9:15  Siege Tank  
  143  9:17  Supply Depot  
  143  9:18  Hellion  
  145  9:24  Supply Depot  
  145  9:30  Hellion  
  145  9:31  Hellion  
  149  9:33  Hellion  
  151  9:47  Supply Depot, Siege Tank  
  151  9:51  Viking, Hellion x3  
  151  9:52  Viking, Hellion  
  163  10:03  Thor  
  166  10:10  Rapid Fire Launchers  
  166  10:19  Thor  
  166  10:20  Hellion  
  172  10:21  Refinery  
  172  10:24  Refinery  
  172  10:25  Orbital Command  
  172  10:28  Terran Vehicle Weapons Level 2  
  172  10:34  Terran Vehicle And Ship Armor Level 2  
  172  10:41  Viking x2  
  176  10:49  Hellion, Engineering Bay  
  178  10:50  Hellion  
  172  11:10  Thor  
  170  11:12  Siege Tank x2  
  170  11:13  Hellion x2  
  170  11:18  Hellion x2  
  178  11:24  Liberator  
  169  11:28  SCV x2  
  165  11:34  Hellion, Smart Servos  
  165  11:37  Starport  
  165  11:39  Starport  
  167  11:45  Siege Tank  
  173  11:51  Sensor Tower  
  176  11:54  Siege Tank  
  176  11:55  Siege Tank  
  176  12:01  SCV x3  
  178  12:03  Hellion  
  178  12:07  Viking  
  184  12:12  Missile Turret  
  184  12:18  Hellion, Siege Tank  
  186  12:30  Starport Tech Lab x2  
  186  12:31  Supply Depot  
  186  12:34  Supply Depot  
  186  12:37  Hellion  
  186  12:38  Hellion  
  186  12:40  Siege Tank x2  
  186  12:44  Missile Turret  
  193  13:03  Siege Tank  
  193  13:04  Hellion  
  194  13:09  Hellion  
  194  13:10  SCV  
  194  13:11  SCV x2  
  194  13:12  Siege Tank, Command Center  
  196  13:15  Siege Tank  
  199  13:30  Raven x2  
  198  13:48  Liberator x2  
  180  13:52  Hellion, Siege Tank  
  139  13:57  Hellion, Siege Tank  
  139  14:00  Siege Tank  
  139  14:01  SCV x3  
  150  14:18  Hellion x2  
  157  14:38  Command Center  
Show
View Real Time Build Order
Export as new Build Order

Maru Terran 

Build Orders: Gas First Reaper Expand, Reaper Expand, MMM Bio, Banshee Rush 

Get SALT Encoding   

  12  0:00  SCV  
  13  0:12  SCV  
  14  0:18  Supply Depot  
  14  0:24  SCV  
  15  0:35  Refinery  
  15  0:40  SCV  
  16  0:45  Barracks  
  16  0:52  SCV  
  18  1:04  SCV  
  18  1:16  SCV  
  19  1:32  Orbital Command  
  19  1:33  Reaper  
  20  1:46  Command Center  
  20  1:59  SCV  
  21  2:01  Factory  
  21  2:06  Refinery  
  21  2:11  SCV  
  21  2:13  Barracks Reactor  
  22  2:20  Supply Depot  
  22  2:23  SCV  
  23  2:41  SCV  
  24  2:45  Hellion  
  24  2:46  Starport  
  24  2:49  Marine x2  
  28  2:53  SCV  
  29  3:00  Orbital Command  
  29  3:05  SCV  
  29  3:07  Factory Tech Lab  
  29  3:09  Marine  
  29  3:11  Marine  
  32  3:18  SCV  
  33  3:27  Marine  
  33  3:29  SCV, Marine  
  33  3:30  SCV, Cloaking Field  
  37  3:36  Banshee  
  40  3:41  SCV  
  40  3:42  SCV  
  42  3:49  Supply Depot, Factory Tech Lab  
  42  3:51  Marine  
  42  3:53  SCV  
  42  3:54  SCV  
  45  3:58  Bunker  
  45  4:05  SCV  
  46  4:10  SCV  
  46  4:12  Siege Tank  
  46  4:16  Supply Depot  
  50  4:18  SCV  
  50  4:22  SCV  
  50  4:28  Viking  
  50  4:30  SCV  
  52  4:32  Marine x2  
  52  4:37  SCV  
  55  4:42  SCV  
  55  4:45  Cyclone  
  59  4:49  SCV, Marine x2  
  62  4:55  Supply Depot  
  62  5:04  SCV x2  
  61  5:08  Marine x2  
  60  5:17  Siege Tank  
  62  5:23  Banshee  
  65  5:29  SCV x2  
  65  5:31  Refinery  
  65  5:34  Marine x2  
  69  5:41  SCV  
  70  5:44  Supply Depot, SCV  
  68  5:52  Command Center  
  68  5:53  SCV  
  69  5:57  SCV, Refinery  
  69  5:58  Supply Depot  
  70  6:05  SCV  
  70  6:06  Supply Depot, Banshee  
  70  6:09  SCV  
  75  6:21  Command Center  
  75  6:25  Siege Tank  
  78  6:27  SCV x2  
  80  6:34  Barracks Tech Lab  
  80  6:40  Barracks x2  
  80  6:42  SCV x2  
  82  6:49  Raven  
  82  6:53  Marine  
  85  6:54  SCV x2, Stimpack  
  85  6:59  Siege Tank  
  90  7:01  Supply Depot  
  90  7:05  Engineering Bay  
  90  7:06  SCV, Engineering Bay  
  90  7:07  Orbital Command  
  88  7:16  SCV  
  88  7:18  SCV, Marine, Refinery  
  88  7:19  Refinery  
  91  7:28  SCV  
  92  7:30  SCV  
  92  7:33  Terran Infantry Armor Level 1, Terran Infantry Weapons Level 1  
  92  7:36  Barracks  
  90  7:37  Barracks  
  90  7:40  Starport Reactor  
  90  7:41  SCV x2, Orbital Command  
  90  7:43  Marauder  
  94  7:47  Siege Tank  
  94  7:51  Concussive Shells  
  97  7:52  Marine  
  97  7:53  Marauder  
  97  7:54  SCV x2  
  97  7:57  SCV  
  103  8:05  Supply Depot  
  103  8:06  SCV x2  
  103  8:09  SCV  
  103  8:10  Marine x2, Marauder  
  103  8:12  SCV  
  111  8:14  Marauder  
  111  8:18  SCV  
  111  8:19  SCV, Medivac x2  
  119  8:22  SCV  
  119  8:24  Barracks Reactor, Barracks Tech Lab  
  117  8:28  Marine  
  117  8:29  Orbital Command  
  117  8:31  SCV x2  
  117  8:32  Marauder  
  122  8:35  Supply Depot  
  122  8:36  Supply Depot, Marauder  
  124  8:42  Starport x2  
  124  8:43  Supply Depot, Combat Shields  
  124  8:45  Marine  
  124  8:48  SCV x3  
  127  8:51  Supply Depot  
  128  8:59  SCV, Armory  
  128  9:00  SCV, Armory  
  128  9:09  SCV x2  
  129  9:13  Viking x2  
  129  9:16  Siege Tank  
  136  9:20  SCV  
  136  9:21  Fusion Core, Refinery x2  
  137  9:29  Marine x3  
  137  9:30  Marauder x3  
  143  9:37  SCV x2  
  143  9:38  SCV  
  143  9:47  Marine x2  
  143  9:48  Liberator  
  143  9:51  SCV x2, Marauder x2  
  144  9:53  Marine x2  
  144  9:54  Marauder  
  144  9:57  SCV  
  145  10:03  SCV  
  145  10:04  SCV  
  138  10:12  SCV  
  135  10:15  SCV  
  135  10:16  SCV  
  136  10:23  Medivac x2  
  136  10:24  Medivac  
  136  10:26  Marine  
  134  10:36  Liberator  
  134  10:37  SCV  
  134  10:38  Terran Vehicle And Ship Armor Level 1, SCV, Terran Ship Weapons Level 1  
  134  10:40  Terran Infantry Weapons Level 2  
  136  10:48  Medivac  
  139  10:50  SCV, Terran Infantry Armor Level 2  
  142  11:03  Marine  
  142  11:04  Marauder  
  145  11:09  Marauder  
  147  11:11  Medivac  
  147  11:12  Supply Depot, Liberator  
  147  11:13  Orbital Command  
  147  11:14  Siege Tank  
  147  11:15  Supply Depot  
  141  11:26  SCV  
  141  11:27  SCV, Marine  
  141  11:28  Marauder x2  
  141  11:30  Supply Depot  
  154  11:34  SCV  
  154  11:38  Refinery  
  158  11:42  Medivac  
  157  11:52  Starport Tech Lab x2, Barracks  
  157  11:53  Barracks x2  
  154  11:55  SCV x2  
  154  12:00  Marine x2, Marauder x3  
  164  12:01  Marine  
  165  12:12  Raven x2  
  165  12:14  Corvid Reactor  
  169  12:16  SCV x2  
  169  12:17  Refinery x2  
  171  12:26  Marine  
  171  12:27  Marauder x2  
  175  12:35  Command Center  
  175  12:42  Marine, Marauder  
  178  12:48  Marauder x2  
  182  12:55  Marine x2, Raven  
  185  12:58  Supply Depot  
  185  12:59  Supply Depot  
  185  13:01  Medivac  
  185  13:03  Marauder  
  182  13:06  Marine x2  
  182  13:09  Marauder  
  182  13:11  Barracks Tech Lab, Marauder  
  185  13:13  Barracks Reactor  
  185  13:25  Marauder  
  184  13:27  Raven  
  184  13:28  Marine x2  
  184  13:31  Marauder  
  184  13:32  Marine, Marauder  
  184  13:33  Marauder  
  191  13:46  Marauder  
  181  13:50  Marine x4  
  181  13:52  Marine x3, Marauder  
  181  13:53  Marauder  
  181  13:54  Marauder  
  136  14:00  SCV x2  
  114  14:08  Marine x2, Marauder  
  118  14:14  Marauder  
  118  14:15  Marauder  
  119  14:20  Marine x2  
  125  14:26  Marine  
  125  14:27  Marauder  
  125  14:30  Marine  

Tags
 
Add a new tag
Caveats
  • Supply blocks, unpowered buildings, or Contaminate may cause inaccurate times.
  • Supply counts are checked every 10 seconds.